[Event "*** Titled Tuesday Blitz"]
[Site "Chess.com"]
[Date "2020.05.19"]
[Round "2"]
[White "colonelcassad"]
[Black "Tormoz"]
[Result "0-1"]
[WhiteElo "2425"]
[BlackElo "2666"]
[TimeControl "180+1"]
[EndTime "12:18:58 PDT"]
[Termination "Tormoz won by resignation"]

1. d4 d5 2. Nf3 Nf6 3. Bf4 c5 4. e3 Nc6 5. c3 Qb6 6. Qc1 Bf5 7. Nbd2 Rc8 8. Be2 cxd4 9. exd4 Nb4 10. O-O Bd3 11. Qe1 Nc2 12. Qd1 Bxe2 13. Qxc2 Bxf1 14. Rxf1 e6 15. Qa4+ Qc6 16. Qxa7 Be7 17. Ne5 Qa6 18. Qxa6 bxa6 19. f3 Nd7 20. Nd3 Nb6 21. Kf2 f6 22. Re1 Kf7 23. g4 g5 24. Bg3 h5 25.
h3 Nc4 26. Nb3 hxg4 27. hxg4 a5 28. Re2 Rc6 29. Nbc5 e5 30. b3 Na3 31. Nd7 Rxc3 32.
N3c5 exd4 33. Na4 Rc2 34. Rxc2 Nxc2 35. Ke2 Nb4 36. a3 d3+ 37. Kd2 Rh3 38. Bc7 Na6 39.
Bxa5 Rxf3 40. Nab6 Bxa3 41. Nxd5 Ke6 42. N7xf6 Nc5 43.
Bb6 Nxb3+ 44. Kc3 d2+ 45. Kc2 Rf1 46. Nc3 Na1+ 47. Kxd2 Kxf6 48. Ke2 Rh1 49. Bd4+ Kg6 50. Ne4 Nb3 51. Be3 Bb2 52. Nxg5 Bc1 53. Bxc1 Nxc1+ 54. Kf2 Kxg5 55. Kg2 Rd1 0-1

[Event "*** Titled Tuesday Blitz"]
[Site "Chess.com"]
[Date "2020.05.19"]
[Round "2"]
[White "Blitzstream"]
[Black "wadsy27"]
[Result "1-0"]
[WhiteElo "2717"]
[BlackElo "2482"]
[TimeControl "180+1"]
[EndTime "12:18:59 PDT"]
[Termination "Blitzstream won by resignation"]

1. e3 c5 2. d4 Nf6 3. Nf3 d6 4. dxc5 Qa5+ 5. Nc3 Qxc5 6. Bd3 g6 7. O-O Bg7 8. h3 O-O 9. e4 a6 10. Be3 Qc7 11. Qd2 Nbd7 12. Bh6 b5 13. Bxg7 Kxg7 14. a4 b4 15. Nd5 Nxd5 16. exd5 Bb7 17. Qxb4 Bxd5 18. Ng5 Qc5 19. Qh4 h6 20. Ne4 Bxe4 21. Qxe4 Qe5 22. Rfe1 Qxe4 23. Rxe4 e5 24. b4 d5 25. Ree1 e4 26. Bf1 Rfc8 27. c4 dxc4 28. Rxe4 c3 29. Rc1 a5 30. bxa5 Rxa5 31. Bb5 Nb6 32.
Rd4 Rca8 33. Bc6 R8a7 34. Rxc3 Nxa4 35. Bxa4 Rxa4 36. Rxa4 Rxa4 37. g3 Ra1+ 38. Kg2 Ra2 39.
h4 h5 40. Re3 Ra5 41. Kf3 Rf5+ 42. Kg2 Rf6 43. Rf3 Rxf3 44. Kxf3 Kf6 45. Kf4 Kg7 46. Ke5 Kg8 47. Kf6 Kf8 48. f3 Kg8 49. f4 Kf8 50. f5 gxf5 51. Kxf5 Kg7 52. Kg5 1-0

[Event "*** Titled Tuesday Blitz"]
[Site "Chess.com"]
[Date "2020.05.19"]
[Round "2"]
[White "Witik"]
[Black "MariaFominykh"]
[Result "1-0"]
[WhiteElo "2639"]
[BlackElo "2355"]
[TimeControl "180+1"]
[EndTime "12:18:59 PDT"]
[Termination "Witik won on time"]

1. d4 d6 2. e4 Nf6 3. Nc3 e5 4. Nge2 Be7 5. h3 O-O 6. g4 exd4 7. Nxd4 Re8 8. Bg2 Nc6 9. O-O Nxd4 10. Qxd4 c6 11. Bf4 Qb6 12. Qxb6 axb6 13. Rad1 Rd8 14. Rd2 Be6 15. a3 h6 16. Rfd1 Ne8 17. Be3 g5 18. Bxb6 Rd7 19. Ne2 Bf6 20. Bd4 Bxd4 21. Nxd4 h5 22. gxh5 Rad8 23. Nf3 f6 24. Nd4 Bf7 25.
Bf3 d5 26. Nf5 Kh7 27. exd5 Bxd5 28. Bxd5 cxd5 29. c4 Nc7 30. Kg2 Ne6 31. cxd5 Nf4+ 32. Kh2 Rxd5 33. Rxd5 Rxd5 34. Rxd5 Nxd5 35. Kg3 Nf4 36.
Nd6 b6 37. Nc4 Nd5 38. h4 Kh6 39. Kg4 b5 40. Nd6 Nc7 41. hxg5+ fxg5 42. Nf7+ Kg7 43.
Nxg5 Nd5 44. Ne4 Nb6 45. Nd6 1-0

[Event "*** Titled Tuesday Blitz"]
[Site "Chess.com"]
[Date "2020.05.19"]
[Round "2"]
[White "RaunakSadhwani2005"]
[Black "Szparu"]
[Result "0-1"]
[WhiteElo "2804"]
[BlackElo "2538"]
[TimeControl "180+1"]
[EndTime "12:19:01 PDT"]
[Termination "Szparu won by checkmate"]

1. e4 c5 2. Nc3 Nc6 3. Bb5 Nd4 4. Nf3 Nxb5 5. Nxb5 d6 6. d4 a6 7. Nc3 cxd4 8. Nxd4 e5 9. Nf5 Be6 10. O-O Rc8 11. Nd5 h6 12. c3 Nf6 13. Nxf6+ gxf6 14. Ne3 h5 15. Nd5 f5 16. exf5 Bxf5 17. Qf3 Bg4 18.
Nf6+ Ke7 19. Nxg4 hxg4 20. Qxg4 Qd7 21. Bg5+ Ke8 22. Qf3 Rc4 23. Rad1 Rg4 24. Be3 Rgh4 25. h3 Rg8 26. Kh2 e4 27. Qg3 Rxg3 28. fxg3 Rh5 29.
Rf4 Re5 30. Bd4 Re6 31. Rdf1 e3 32. Re1 Qe7 33. Re2 Bh6 34. Rh4 Bg5 35. Rh8+ Kd7 36. a4 Bf6 37. Rb8 Kc7 38. Ba7 Be5 39. Rxe3 Rg6 40. Kg1 Rxg3 41. Re2 Qg5 42. Rf8 Qg7 43. Re8 Rd3 44. Re7+ Kd8 45. Rxb7 Rd1+ 46. Kf2 Qg3# 0-1

[Event "*** Titled Tuesday Blitz"]
[Site "Chess.com"]
[Date "2020.05.19"]
[Round "2"]
[White "WonderChampion"]
[Black "GelmanAlexander"]
[Result "0-1"]
[WhiteElo "1934"]
[BlackElo "2584"]
[TimeControl "180+1"]
[EndTime "12:19:01 PDT"]
[Termination "GelmanAlexander won by checkmate"]

1. e4 c5 2. Nf3 e6 3. c4 d6 4. Nc3 a6 5. d4 cxd4 6. Nxd4 Nf6 7. Bd3 b6 8. O-O Bb7 9. Be3 Nbd7 10. f4 g6 11. f5 gxf5 12. exf5 e5 13. Nde2 Rg8 14. Ng3 h5 15. Rf2 Ng4 16. Re2 Qh4 17. Nf1 Ndf6 18.
Qe1 Qxe1 19. Raxe1 Nxe3 20. Nxe3 Rc8 21. Ned5 Nxd5 22. Nxd5 Bxd5 23. cxd5 b5 24. Kf2 Bh6 25. Rc2 Ke7 26. Ree2 h4 27. h3 Bf4 28. b3 Bg3+ 29. Kf1 Rc5 30. Be4 Rgc8 31. a3 Kf6 32. a4 b4 33. Bd3 a5 34. Rc4 Rxd5 35. Rxc8 Rxd3 36. Rb2 Kxf5 37. Rf8 f6 38. Ra8 d5 39. Rxa5 d4 40.
Rc5 Ke4 41. Rc1 Kf4 42. a5 Rc3 43. Ra1 e4 44. a6 Rc8 45. a7 Ra8 46. Rc2 d3 47.
Rc4 Ke3 48. Rc7 Kd2 49. Rb7 e3 50. Ra2+ Kc3 51. Ra4 e2+ 52. Kg1 e1=Q# 0-1

[Event "*** Titled Tuesday Blitz"]
[Site "Chess.com"]
[Date "2020.05.19"]
[Round "2"]
[White "warmoatmeal"]
[Black "2nd_life"]
[Result "0-1"]
[WhiteElo "2155"]
[BlackElo "2411"]
[TimeControl "180+1"]
[EndTime "12:19:01 PDT"]
[Termination "2nd_life won on time"]

1. d4 Nf6 2. Nf3 e6 3. Bg5 h6 4. Bh4 c5 5. e3 b6 6. c3 Bb7 7. Nbd2 cxd4 8. exd4 d6 9. Bd3 Nbd7 10. O-O Be7 11. Re1 O-O 12. Ne4 Nxe4 13. Bxe7 Nxc3 14. Bxd8 Nxd1 15. Be7 Bxf3 16. Bxf8 Nxf8 17. gxf3 Nxb2 18.
Bb5 a6 19. Rab1 axb5 20. Rxb2 Nd7 21. Rc1 Kf8 22. Rc7 Ke8 23. Rbc2 Nf6 24. Rb7 Nd5 25. Rb2 b4 26. Kf1 g5 27. Ke2 Kf8 28. Kd3 Rc8 29. Rc2 Ra8 30. Rc6 Ra3+ 31. Kc4 Rxa2 32.
Rxd6 Rxf2 33. Rxd5 exd5+ 34. Kxd5 Rxf3 35. Rxb6 Rh3 36. Rxb4 Rxh2 37. Kc6 Kg7 38. d5 Rc2+ 39.
Kd7 Rd2 40. d6 h5 41. Ke7 Re2+ 42. Kd8 h4 43. d7 Rd2 44. Kc7 h3 45. Rb6 h2 46.
Rd6 Rxd6 47. Kxd6 h1=Q 48. d8=Q Qd1+ 49. Kc7 Qxd8+ 50. Kxd8 g4 0-1

[Event "*** Titled Tuesday Blitz"]
[Site "Chess.com"]
[Date "2020.05.19"]
[Round "2"]
[White "Azatic"]
[Black "Hippotaner"]
[Result "1-0"]
[WhiteElo "2603"]
[BlackElo "2314"]
[TimeControl "180+1"]
[EndTime "12:19:02 PDT"]
[Termination "Azatic won by resignation"]

1. e4 e5 2. Nf3 Nc6 3. Bb5 a6 4. Ba4 Nf6 5. O-O Be7 6. Re1 b5 7. Bb3 d6 8. c3 O-O 9. d4 Bg4 10. Be3 exd4 11. cxd4 d5 12. e5 Ne4 13. Nc3 Nxc3 14.
bxc3 Na5 15. Bc2 Nc4 16. h3 Bh5 17. Bf4 a5 18. g4 Bg6 19. Nd2 c5 20. Nxc4 bxc4 21.
Bxg6 fxg6 22. Be3 Bg5 23. dxc5 Bxe3 24. Rxe3 Rc8 25. Qd4 Kh8 26. Rd1 Qe7 27. Qxd5 Rxc5 28. Qd6 Rc7 29. Qxe7 Rxe7 30. e6 h5 31. Rd7 Rfe8 32.
Rxe7 Rxe7 33. f4 hxg4 34. hxg4 Kg8 35. f5 gxf5 36. gxf5 Kf8 37. Re4 Rc7 38. Kf2 Ke7 39. Kf3 Kf6 40. Kg4 Ke7 41. Kg5 a4 42. Kg6 Rc5 43.
Rd4 Ke8 44. Rd7 Re5 45. Rxg7 Re3 46. Kf6 Kf8 47. Ra7 Kg8 48. e7 Re1 49. Ra8+ Kh7 50. e8=Q 1-0

[Event "*** Titled Tuesday Blitz"]
[Site "Chess.com"]
[Date "2020.05.19"]
[Round "2"]
[White "Aemulus20"]
[Black "Andreikka"]
[Result "1-0"]
[WhiteElo "2580"]
[BlackElo "2958"]
[TimeControl "180+1"]
[EndTime "12:19:03 PDT"]
[Termination "Aemulus20 won by checkmate"]

1. e4 d5 2. exd5 Qxd5 3. Nc3 Qa5 4. d4 Nf6 5. Nf3 c6 6. Ne5 Be6 7. Be2 Nbd7 8. f4 g6 9. O-O Bg7 10. Bd2 Qc7 11. Bd3 Bf5 12. Bc4 e6 13. g4 Nxe5 14. fxe5 Nxg4 15. Ne4 Bxe4 16. Qxg4 Bf5 17. Qg3 O-O-O 18.
c3 Bxe5 19. Qf2 Bd6 20. a4 e5 21. dxe5 Bxe5 22. Be3 a6 23. Bb6 Bxh2+ 24. Kg2 Be4+ 25. Kh3 Qe5 26. Qxh2 Bf5+ 27. Kg2 Rd2+ 28. Rf2 Rxf2+ 29.
Bxf2 Qe4+ 30. Kg1 Qxc4 31. Bb6 Kd7 32. Rd1+ Bd3 33. Qh3+ f5 34. Rxd3+ Ke6 35. Qe3+ Qe4 36. Qd2 Re8 37. Re3 Kf7 38. Rxe4 Rxe4 39. Bd4 g5 40. Qh2 Kg6 41. Qd6+ Kh5 42. Qd7 Kg4 43. Qxh7 b5 44. axb5 axb5 45. Kf2 Rf4+ 46. Ke2 Re4+ 47. Kd3 Re6 48.
Qh1 f4 49. Qg2+ Kf5 50. Qh3+ g4 51. Qh5# 1-0

[Event "*** Titled Tuesday Blitz"]
[Site "Chess.com"]
[Date "2020.05.19"]
[Round "2"]
[White "Jospem"]
[Black "Koksik_13"]
[Result "1/2-1/2"]
[WhiteElo "2821"]
[BlackElo "2537"]
[TimeControl "180+1"]
[EndTime "12:19:03 PDT"]
[Termination "Game drawn by repetition"]

1. c4 e6 2. Nf3 d5 3. g3 d4 4. Bg2 c5 5. O-O Nc6 6. e3 e5 7. exd4 exd4 8. d3 Nf6 9. Bg5 Be7 10. Bxf6 Bxf6 11. Nbd2 O-O 12. a3 Bf5 13. Ne1 Re8 14. Ne4 Bxe4 15. Bxe4 g6 16. Bg2 Qc7 17. Nc2 a5 18. a4 Re7 19. Na3 Rae8 20. Qd2 Re2 21. Qd1 Nb4 22. Rb1 h5 23. Bf3 R2e7 24. Nb5 Qd7 25. Kg2 h4 26. Be4 Kg7 27. Kh1 Rh8 28.
g4 Rhe8 29. Qf3 Bg5 30. Rg1 Re5 31. Rbf1 Qe7 32. Bd5 Qd7 33. Be4 R5e6 34. h3 Rf6 35. Qg2 Rf4 36. Rd1 b6 37. Rge1 Kh6 38. Re2 Re5 39.
Rde1 Qe7 40. f3 f5 41. gxf5 gxf5 42. Ba8 Nxd3 43. Rxe5 Nxe5 44. Qe2 Bf6 45. Qd2 Bg5 46. Qe2 Bf6 47. Qd2 Bg5 48. Qe2 1/2-1/2

[Event "*** Titled Tuesday Blitz"]
[Site "Chess.com"]
[Date "2020.05.19"]
[Round "2"]
[White "Charlottemillard17"]
[Black "Fusikk"]
[Result "0-1"]
[WhiteElo "1418"]
[BlackElo "2579"]
[TimeControl "180+1"]
[EndTime "12:19:03 PDT"]
[Termination "Fusikk won on time"]

1. e4 c6 2. Nf3 d5 3. e5 c5 4. d4 cxd4 5. Nxd4 Nc6 6. Nb3 Bf5 7. f4 e6 8. Nc3 Bb4 9. Bd2 Bxc3 10. Bxc3 Nge7 11. Be2 O-O 12. g4 Be4 13. Bf3 Ng6 14. Bd2 Qh4+ 15. Ke2 Bxf3+ 16. Kxf3 Qh3+ 17. Kf2 Nh4 18. Rg1 Qxh2+ 19. Kf1 f6 20. exf6 Rxf6 21. Qe1 Nf3 22.
Qf2 Qxg1+ 23. Qxg1 Nxg1 24. Kxg1 h5 25. g5 Rf7 26. Nc5 Re8 27. Re1 e5 28. fxe5 Rxe5 29. Rxe5 Nxe5 30. Bc3 d4 31. Bb4 b6 32. Ne6 a5 33. Bd6 Nc4 34. Bf4 Nxb2 35. Bd6 Nc4 36.
Bf4 b5 37. Bb8 b4 38. Bc7 a4 39. Bg3 Ne3 40. Nxd4 Rf1+ 41. Kh2 Ra1 0-1

[Event "*** Titled Tuesday Blitz"]
[Site "Chess.com"]
[Date "2020.05.19"]
[Round "2"]
[White "Joshukid"]
[Black "Gentle_Emperor"]
[Result "1-0"]
[WhiteElo "2553"]
[BlackElo "2294"]
[TimeControl "180+1"]
[EndTime "12:19:03 PDT"]
[Termination "Joshukid won by checkmate"]

1. Nf3 d5 2. c4 d4 3. b4 g6 4.
a4 Bg7 5. d3 e5 6. g3 b6 7. Bg2 Bb7 8. O-O Ne7 9. Ra2 Nd7 10.
e3 O-O 11. exd4 exd4 12. Re2 Nf5 13. Rfe1 c5 14. b5 Qc7 15. Bf4 Nd6 16. Re7 Bf6 17. R7e2 Rfd8 18. Nbd2 Nf8 19. Bh3 Kg7 20. Qc1 h6 21. Ne4 Bxe4 22. dxe4 Kh7 23. e5 d3 24.
exd6 Qb7 25. Re3 g5 26. Bf5+ Kg8 27. Be5 Bxe5 28. Nxe5 Rxd6 29. Rxd3 Rf6 30. Be4 Qc8 31. Bxa8 Qxa8 32. Nd7 Nxd7 33. Rxd7 Qf3 34. Qe3 Qf5 35. Rd5 Qc2 36. Rd8+ Kg7 37. Rf1 Qxc4 38. Qe5 Kg6 39. Rd6 Rxd6 40. Qxd6+ f6 41. Qe7 Qxa4 42. Qe8+ Kf5 43.
Re1 Qc4 44. h3 g4 45. Qh5# 1-0

[Event "*** Titled Tuesday Blitz"]
[Site "Chess.com"]
[Date "2020.05.19"]
[Round "2"]
[White "keepitcool9499"]
[Black "OsorioFernando"]
[Result "1-0"]
[WhiteElo "2458"]
[BlackElo "2239"]
[TimeControl "180+1"]
[EndTime "12:19:03 PDT"]
[Termination "keepitcool9499 won on time"]

1. d4 f5 2. c4 Nf6 3. Nc3 e6 4. Nf3 d5 5. g3 c6 6. Bg2 Bd6 7.
Bg5 O-O 8. Ne5 b6 9. f4 Bb7 10. O-O a5 11. cxd5 exd5 12. Bxf6 Rxf6 13. e3 Na6 14. a3 Kh8 15. Qh5 Kg8 16. Rac1 Rc8 17.
Rc2 Bf8 18. Rfc1 c5 19. Rd2 g6 20. Qf3 Nc7 21. Rcd1 c4 22. Nxc4 dxc4 23. Qxb7 Rb8 24. Qf3 b5 25. e4 b4 26. axb4 axb4 27. Na4 fxe4 28. Qxe4 Qd7 29. Nc5 Qb5 30. Qe5 Rf7 31.
Rc2 Re8 32. Qg5 Bxc5 33. dxc5 Ne6 34. Qd5 Qxc5+ 35. Qxc5 Nxc5 36. Rxc4 Rd7 37. Bd5+ Kg7 38. Rxc5 Red8 39. Kf2 Kf6 40. Ke3 b3 41. Kd4 Re7 42.
Rd2 Re2 43. Rxe2 1-0

[Event "*** Titled Tuesday Blitz"]
[Site "Chess.com"]
[Date "2020.05.19"]
[Round "2"]
[White "FelixBlohberger"]
[Black "floplover"]
[Result "1-0"]
[WhiteElo "2599"]
[BlackElo "2303"]
[TimeControl "180+1"]
[EndTime "12:19:04 PDT"]
[Termination "FelixBlohberger won on time"]

1. e4 c6 2. Nf3 d5 3. d3 g6 4. e5 Bg7 5. d4 f6 6. Bf4 Nh6 7. Bd3 Nf7 8. Qe2 Bg4 9. exf6 Bxf6 10. c3 O-O 11. Nbd2 e5 12. dxe5 Nxe5 13. Bxe5 Bxe5 14. O-O Bc7 15. h3 Bxf3 16. Nxf3 Qd6 17. Rfe1 Nd7 18. g3 Nc5 19. Bc2 Qd7 20. Kg2 Rae8 21. Qd2 Bb6 22. Rxe8 Qxe8 23. Re1 Qf7 24. Nd4 Nd7 25. Qe2 Kh8 26. Qf3 Qxf3+ 27. Nxf3 Rf7 28. Re2 Bc5 29. Ng5 Re7 30. Rxe7 Bxe7 31. Ne6 Kg8 32. f4 Kf7 33. Nd4 Bf6 34. Nb3 Be7 35. Kf3 Nc5 36. Nd4 Ne6 37.
Ne2 Nc5 38. h4 Bd6 39. f5 b5 40. fxg6+ hxg6 41. Nf4 Bxf4 42. Kxf4 Kf6 43. b4 Ne6+ 44. Ke3 a6 45. a4 c5 46. axb5 axb5 47. bxc5 1-0

[Event "*** Titled Tuesday Blitz"]
[Site "Chess.com"]
[Date "2020.05.19"]
[Round "2"]
[White "The_Machine04"]
[Black "LaStreetCmaMaison"]
[Result "0-1"]
[WhiteElo "2295"]
[BlackElo "2587"]
[TimeControl "180+1"]
[EndTime "12:19:04 PDT"]
[Termination "LaStreetCmaMaison won by resignation"]

1. d4 Nc6 2. Nf3 d6 3. e4 Nf6 4. Nbd2 e5 5. dxe5 Nxe5 6. Nxe5 dxe5 7. c3 Bc5 8. Bc4 O-O 9. O-O c6 10. b4 Bb6 11. a4 a5 12. Qe2 axb4 13. cxb4 Qd4 14. Ra3 Bg4 15. Qd3 Rad8 16. h3 Be6 17. a5 Ba7 18. Qxd4 Rxd4 19. Bxe6 fxe6 20. Nf3 Rxe4 21.
Rb3 Re2 22. Be3 Bxe3 23. Rxe3 Rxe3 24. fxe3 Nd5 25. Rb1 Nxe3 26. b5 Nc4 27. a6 cxb5 28. axb7 Nd6 29. Nxe5 Rb8 30. Rd1 Nxb7 31. Nc6 Ra8 32.
Rb1 Nd6 33. Nd4 e5 34. Nxb5 Rb8 35. Nc3 Rc8 36. Nd5 Rc2 37. Re1 e4 38. Nf4 g5 39.
Re2 Rc1+ 40. Kf2 gxf4 41. g3 f3 42. Rd2 Rc6 43. Rd5 Kf7 44. Re5 Kf6 45. Ke3 Kxe5 0-1

[Event "*** Titled Tuesday Blitz"]
[Site "Chess.com"]
[Date "2020.05.19"]
[Round "2"]
[White "ElGasanov"]
[Black "grunbergmihai"]
[Result "0-1"]
[WhiteElo "2740"]
[BlackElo "2403"]
[TimeControl "180+1"]
[EndTime "12:19:06 PDT"]
[Termination "grunbergmihai won on time"]

1. d4 f5 2. Nf3 Nf6 3. Bg5 e6 4. Nbd2 d5 5. Be3 Bd6 6. c4 f4 7. c5 fxe3 8. cxd6 exd2+ 9. Qxd2 Qxd6 10. e3 Ne4 11. Qc2 c5 12. Bd3 O-O 13. Bxe4 dxe4 14. Qxe4 cxd4 15. Rd1 Nc6 16. exd4 Qd5 17. Qe3 Qxa2 18.
O-O Bd7 19. Ng5 h6 20. Ne4 Rae8 21. Nd6 Re7 22. Nxb7 Qd5 23. Nc5 Bc8 24. f4 Na5 25.
Rfe1 Nc4 26. Qc1 Nd6 27. Re5 Qc6 28. d5 Qb6 29. dxe6 Rxe6 30. b4 Nb7 31. Qe3 Rxe5 32. Qxe5 Qxb4 33. Ne6 Qb6+ 34. Nd4 Bg4 35. Rd2 Rd8 36.
h3 Bc8 37. Kh2 Nc5 38. Qe7 Qd6 39. Qe3 Ne6 40. Nb3 Qc7 41. Rxd8+ Qxd8 42. f5 Qd6+ 43. Kh1 Nc7 44. Nd4 Kh7 45. Qe4 Qd5 46. Qd3 Kh8 47.
f6 Ne6 0-1

[Event "*** Titled Tuesday Blitz"]
[Site "Chess.com"]
[Date "2020.05.19"]
[Round "2"]
[White "Lali-Rustavi"]
[Black "VaKukl"]
[Result "0-1"]
[WhiteElo "1872"]
[BlackElo "2356"]
[TimeControl "180+1"]
[EndTime "12:19:06 PDT"]
[Termination "VaKukl won by checkmate"]

1. c4 c5 2. Nc3 Nc6 3. g3 g6 4.
Bg2 Bg7 5. e3 Nf6 6. Nge2 O-O 7.
O-O b6 8. Rb1 Bb7 9. d4 cxd4 10.
exd4 Na5 11. b3 Bxg2 12. Kxg2 d5 13. c5 Rc8 14. Be3 Ng4 15. b4 Nc4 16. Qd3 Ngxe3+ 17. fxe3 e5 18. a4 Re8 19. Nd1 a5 20. bxa5 bxc5 21. Rb7 f5 22. a6 exd4 23. exd4 Ra8 24. a7 Re7 25. Rxe7 Qxe7 26. Nf4 Qe4+ 27. Qxe4 dxe4 28. dxc5 Rxa7 29. Ne6 Rxa4 30. c6 Nd6 31. Ne3 Kf7 32.
Nxg7 Kxg7 33. Rd1 Nb5 34. Rd7+ Kf6 35. c7 Nxc7 36. Rxc7 h5 37. Kh3 Ra2 38. Nd5+ Kg5 39. Nf4 Ra6 40. Rg7 Kh6 41. Rf7 g5 42. Nd5 Ra2 43.
Rxf5 g4+ 44. Kh4 Rxh2# 0-1

[Event "*** Titled Tuesday Blitz"]
[Site "Chess.com"]
[Date "2020.05.19"]
[Round "2"]
[White "shav3184"]
[Black "Paladin61"]
[Result "0-1"]
[WhiteElo "2353"]
[BlackElo "2653"]
[TimeControl "180+1"]
[EndTime "12:19:07 PDT"]
[Termination "Paladin61 won by resignation"]

1. e4 c5 2. Nf3 d6 3. d4 cxd4 4.
Nxd4 Nf6 5. f3 Nc6 6. c4 Qb6 7. Nc2 e6 8. Nc3 Be7 9. Rb1 O-O 10. Be3 Qc7 11. Be2 Rd8 12. O-O d5 13. cxd5 exd5 14.
exd5 Be6 15. Qe1 Nxd5 16. Nxd5 Bxd5 17. Qf2 Bxa2 18. Rbc1 Qe5 19. b4 a6 20. f4 Qb2 21.
Bc5 Bxc5 22. Qxc5 Rac8 23. Bg4 Rc7 24. Rcd1 Rxd1 25. Rxd1 g6 26. Rd8+ Nxd8 27. Qxc7 Qc1+ 28. Kf2 Qd2+ 29. Kg3 Nc6 30. Qc8+ Kg7 31. Na3 Qc3+ 32. Kh4 Qxa3 33. Qxb7 Nd4 34. Qe7 Ne6 35. Bxe6 Bxe6 36. Kg5 h6+ 37. Kh4 Qc3 38. g4 Qf6+ 39. Qxf6+ Kxf6 40. g5+ hxg5+ 41. fxg5+ Kf5 0-1

[Event "*** Titled Tuesday Blitz"]
[Site "Chess.com"]
[Date "2020.05.19"]
[Round "2"]
[White "Nayemhaque22"]
[Black "parmupill123"]
[Result "0-1"]
[WhiteElo "2156"]
[BlackElo "2412"]
[TimeControl "180+1"]
[EndTime "12:19:07 PDT"]
[Termination "parmupill123 won by resignation"]

1. e4 e6 2. c4 d5 3. cxd5 exd5 4. exd5 Nf6 5. d4 Nxd5 6. Nf3 Be7 7. Be2 O-O 8. O-O Nc6 9. Nc3 Bf5 10. a3 Bf6 11. h3 Re8 12. Bb5 Qd6 13. Bd2 Rad8 14. Rc1 Bd7 15.
Bxc6 Bxc6 16. Re1 Nf4 17. Bxf4 Qxf4 18. d5 Bd7 19. Rxe8+ Rxe8 20. Qd2 Qd6 21. Nd4 a6 22. Rd1 g6 23. Qd3 h5 24. Ne4 Qe5 25. Nxf6+ Qxf6 26. Qc3 Qg5 27. Nf3 Qf4 28. Rd4 Qd6 29. Rd2 Bf5 30.
Qb4 Qxb4 31. axb4 Be4 32. Ng5 Bf5 33. d6 cxd6 34. Rxd6 Re1+ 35. Kh2 Re2 36. Rb6 Re7 37. f3 Rc7 38. f4 Kg7 39. Kg3 Bd7 40. f5 Bxf5 41. Kf4 Bd7 42. Ke5 Bc6 43. Kd6 Rd7+ 44.
Kc5 Rd5+ 45. Kc4 Rxg5 0-1

[Event "*** Titled Tuesday Blitz"]
[Site "Chess.com"]
[Date "2020.05.19"]
[Round "2"]
[White "Tacticusbd"]
[Black "Roza_Idrisova"]
[Result "1-0"]
[WhiteElo "2405"]
[BlackElo "2127"]
[TimeControl "180+1"]
[EndTime "12:19:07 PDT"]
[Termination "Tacticusbd won on time"]

1. e4 c6 2. d4 d5 3. e5 c5 4. dxc5 e6 5. Bd3 Bxc5 6. a3 Nc6 7. Nf3 Nge7 8. O-O Ng6 9. Re1 O-O 10. Nbd2 a5 11. Nb3 Bb6 12. c3 a4 13. Nbd4 Bc7 14. Nb5 Ncxe5 15. Nxe5 Bxe5 16. Bxg6 Bxh2+ 17. Kxh2 hxg6 18. Kg1 Bd7 19. Nd4 Qc7 20. Qd3 Rfe8 21. Nf3 Qb6 22.
Bf4 Bb5 23. Qd2 f6 24. Bg3 Rad8 25. Qc2 Kf7 26. Nh4 f5 27. Be5 Rh8 28. Nf3 Rh5 29.
Bd4 Qc7 30. Ne5+ Kg8 31. f3 Be8 32. Qf2 Qe7 33. Qg3 g5 34. f4 g4 35. Kf2 Qd6 36. Rh1 g6 37. Rh4 Qc7 38. Rxh5 gxh5 39. Qh4 Rb8 40. Nd3 Qf7 41. Qg5+ Qg6 42. Rb1 b5 43. Qe7 Qf7 44. Qd6 Rb7 45. Qe5 1-0

[Event "*** Titled Tuesday Blitz"]
[Site "Chess.com"]
[Date "2020.05.19"]
[Round "2"]
[White "Kaliopa"]
[Black "Kolle05"]
[Result "0-1"]
[WhiteElo "2112"]
[BlackElo "2403"]
[TimeControl "180+1"]
[EndTime "12:19:09 PDT"]
[Termination "Kolle05 won by resignation"]

1. d4 Nf6 2. c4 e6 3. Nc3 Bb4 4. e3 b6 5. Ne2 Ne4 6. Qc2 Bb7 7. f3 Nxc3 8. Nxc3 Bxc3+ 9. Qxc3 Qh4+ 10. g3 Qh5 11. e4 f5 12. Bg2 fxe4 13. fxe4 O-O 14.
Bf4 d6 15. O-O Nd7 16. d5 e5 17. Be3 Nf6 18. Rf5 Qg6 19. Raf1 Bc8 20. Rg5 Nxe4 21. Rxf8+ Kxf8 22. Rxg6 Nxc3 23. Rg5 Nxa2 24. Bd2 a5 25. Be4 h6 26. Rg6 Nb4 27. Kf2 Kf7 28. h4 Bd7 29. h5 Na6 30. g4 Nc5 31. Bc2 e4 32.
Be3 Re8 33. Bxc5 bxc5 34. Ke3 Rb8 35. b3 a4 36. bxa4 Rb4 37. Bxe4 Rxc4 38. Bd3 Rxa4 39. g5 Ra3 40. Kd2 Rxd3+ 41. Kxd3 Bf5+ 42. Kc4 Bxg6 43. hxg6+ Kxg6 44. gxh6 gxh6 45. Kb5 h5 46. Kc6 c4 47.
Kxc7 c3 48. Kxd6 c2 49. Ke7 c1=Q 50. d6 Qe3+ 0-1

[Event "*** Titled Tuesday Blitz"]
[Site "Chess.com"]
[Date "2020.05.19"]
[Round "2"]
[White "Mugzyyy"]
[Black "dretch"]
[Result "0-1"]
[WhiteElo "2477"]
[BlackElo "2713"]
[TimeControl "180+1"]
[EndTime "12:19:10 PDT"]
[Termination "dretch won by checkmate"]

1. d4 d5 2. c4 c6 3. Nf3 Nf6 4. Nc3 dxc4 5. a4 Bf5 6. Ne5 Nbd7 7. Nxc4 Nb6 8. e3 e6 9. a5 Nxc4 10. Bxc4 Bd6 11. f3 Nd7 12. O-O O-O 13. e4 Bg6 14. f4 h6 15. Qg4 Nf6 16. Qf3 Bb4 17.
Be3 Bxc3 18. bxc3 Bxe4 19. Qg3 Kh7 20. Bf2 Bg6 21. Qh3 Ne4 22. Bh4 Qd7 23. Bd3 Qd5 24.
Kh1 Kh8 25. Qe3 Nd6 26. Bxg6 fxg6 27. Qd3 Qf5 28. Qe2 Rae8 29. c4 Qh5 30. Qxh5 gxh5 31.
a6 b6 32. c5 bxc5 33. dxc5 Nf5 34. Be1 Ne3 35. Rf3 Nd5 36. Bc3 Rxf4 37. Rxf4 Nxf4 38. Rb1 Nd5 39. Be5 Kg8 40. Rb7 Re7 41. Bd6 Rf7 42. g3 Rf1+ 43. Kg2 Ne3+ 44. Kh3 g5 45. Rb8+ Kh7 46. Rb3 Rf3 47. Rb8 g4+ 48. Kh4 Rf5 49. Rb2 Rd5 50. h3 Nf5+ 51. Kxh5 Nxd6+ 52. Kxg4 Nb5 53. Rf2 Rg5+ 54. Kh4 Nd4 55.
Rf7+ Kg6 56. Rxa7 Nf5# 0-1

[Event "*** Titled Tuesday Blitz"]
[Site "Chess.com"]
[Date "2020.05.19"]
[Round "2"]
[White "Mr_Sinigami"]
[Black "martabartel"]
[Result "1-0"]
[WhiteElo "2593"]
[BlackElo "2312"]
[TimeControl "180+1"]
[EndTime "12:19:10 PDT"]
[Termination "Mr_Sinigami won by resignation"]

1. Nf3 Nf6 2. c4 g6 3. Nc3 d5 4.
cxd5 Nxd5 5. h4 Nxc3 6. dxc3 Qxd1+ 7. Kxd1 Nc6 8. e4 Bg4 9. Kc2 Bg7 10. Be3 a6 11.
Nd2 O-O-O 12. f3 Be6 13. h5 Ne5 14. h6 Bf6 15. Be2 Nc6 16. g4 Rhe8 17. g5 Bh8 18.
f4 f6 19. Raf1 fxg5 20. fxg5 Rf8 21. Nb3 Bxb3+ 22. axb3 Ne5 23. b4 Nc6 24. Bc4 Kb8 25. Bc5 b5 26. Be6 Be5 27. Bd5 Kb7 28. Ra1 Bd6 29.
Bxc6+ Kxc6 30. Rxa6+ Kd7 31. Rd1 Ke8 32. Bxd6 exd6 33.
Rd5 Rf2+ 34. Kb3 Re2 35. e5 Rxe5 36. Rxe5+ dxe5 37. Re6+ Kf7 38. Rxe5 c6 39. Rc5 Rd6 40. c4 bxc4+ 41. Kxc4 Ke7 42. b5 cxb5+ 43. Kxb5 Rd2 44. b4 Ke6 45. Kb6 Rb2 46. b5 Rb1 47. Kc6 1-0

[Event "*** Titled Tuesday Blitz"]
[Site "Chess.com"]
[Date "2020.05.19"]
[Round "2"]
[White "GMKrikor"]
[Black "ZEN-22"]
[Result "1-0"]
[WhiteElo "2758"]
[BlackElo "2501"]
[TimeControl "180+1"]
[EndTime "12:19:13 PDT"]
[Termination "GMKrikor won by checkmate"]

1. Nf3 d6 2. d4 Nf6 3. c4 g6 4.
Nc3 Bf5 5. Nh4 Bd7 6. e4 e5 7.
Nf3 exd4 8. Nxd4 Bg7 9. f3 O-O 10. Be3 Re8 11. Qd2 a5 12. Be2 c6 13. O-O d5 14. cxd5 cxd5 15. exd5 Na6 16. Bf2 Nb4 17. Bc4 Rc8 18. b3 b5 19. Ndxb5 Bxb5 20. Nxb5 Nfxd5 21. Rad1 Nc3 22. Nxc3 Qxd2 23. Rxd2 Bxc3 24. Rd7 Rxc4 25. bxc4 Nxa2 26. Bd4 Bb4 27. c5 Nc3 28. Bxc3 Bxc3 29.
Rc1 Bb2 30. Rc2 Be5 31. c6 Kg7 32. Kf1 Bxh2 33. Ra7 Bg3 34. Rc1 Bf4 35. Rc4 Bd2 36. c7 Rc8 37. Ke2 Bb4 38. Rb7 Bd6 39. Ra7 Re8+ 40.
Kd3 Rc8 41. Ke4 Kf6 42. Kd5 Ke7 43. Kc6 Be5 44. Re4 Ke6 45. f4 f6 46. fxe5 f5 47. Re1 f4 48. Kb7 Re8 49. c8=Q+ Rxc8 50. Kxc8 f3 51.
gxf3 h5 52. Rxa5 h4 53. Ra6+ Kf5 54. e6 Kf6 55. e7+ Kg5 56. e8=Q h3 57. Qxg6+ Kh4 58. Qg4# 1-0